 Dungeon Crawl Stone Soup version 0.21-a0-2-ge494091 (webtiles) character file.

73 TheGoonsmith the Skirmisher (level 4, -1/37 HPs)
             Began as a Demonspawn Berserker on May 22, 2017.
             Was a Follower of Trog.
             Slain by an adder (3 damage)
             ... on level 2 of the Dungeon.
             The game lasted 00:02:27 (1732 turns).

TheGoonsmith the Skirmisher (Demonspawn Berserker)  Turns: 1732, Time: 00:02:27

Health: -1/37      AC:  2    Str: 19    XL:     4   Next: 8%
Magic:  4/4        EV: 12    Int:  8    God:    Trog [*.....]
Gold:   39         SH:  0    Dex: 12    Spells: 3/3 levels left

rFire    . . .     SeeInvis .   j - +0 flail
rCold    . . .     Gourm    .   (no shield)
rNeg     . . .     Faith    .   b - +0 animal skin
rPois    .         Spirit   .   (no helmet)
rElec    .         Reflect  .   (no cloak)
rCorr    .         Harm     .   (no gloves)
MR       .....                  (no boots)
Stlth    +.........             (no amulet)
Regen    0.2/turn               (no ring)
MPRegen  0.1/turn               (no ring)

@: lethally poisoned (-1 -> -13)
A: claws 1, demonic guardian 1
a: Berserk, Burn Spellbooks, Renounce Religion


You were on level 2 of the Dungeon.
You worshipped Trog.
Trog was aware of your devotion.
You were not hungry.

You visited 1 branch of the dungeon, and saw 2 of its levels.

You collected 39 gold pieces.

Inventory:

Hand Weapons
 a - a +0 mace
 j - a +0 flail (weapon)
Armour
 b - a +0 animal skin (worn)
Jewellery
 g - a cursed -2 ring of intelligence {unknown}
Scrolls
 d - 4 scrolls of teleportation {unknown}
 f - a scroll of remove curse {unknown}
 h - a scroll of magic mapping {unknown}
 k - a scroll of identify {unknown}
Comestibles
 c - a bread ration
 i - 3 chunks of flesh
 l - a meat ration


   Skills:
 + Level 3.7 Fighting
 - Level 3.2 Maces & Flails
 - Level 1.7 Armour
 - Level 1.7 Dodging
 * Level 2.0 Unarmed Combat


You had 3 spell levels left.
You didn't know any spells.

Dungeon Overview and Level Annotations

Branches:
Dungeon (2/15)

Altars:


Innate Abilities, Weirdness & Mutations

You have sharp fingernails.
A weak demonic guardian rushes to your aid.


Message History

The adder barely misses you. The adder closely misses you.
You barely miss the adder.
The adder is lightly wounded.
You feel sick. The adder bites you.
* * * LOW HITPOINT WARNING * * *
You are lethally poisoned!
The adder poisons you! The adder bites you.
* * * LOW HITPOINT WARNING * * *
You are more poisoned.
The adder poisons you!
You aren't carrying any potions.
You hit the adder but do no damage.
The adder is lightly wounded.
* * * LOW HITPOINT WARNING * * *
You feel sick. The adder closely misses you.
You sock the adder!
The adder is almost dead.
* * * LOW HITPOINT WARNING * * *
You feel sick. The adder bites you.
You die...

..#
#.###############
##.....)........#
#.....>.........#
#..#.###########..#
... #รท# #..# # #.#
##.# #.# #.# #@#
##.### #.S.#
#####.#... .......
.......###.#
###...########.##
##. ##.## ##.###.#
#.# #..#.## # #.#
#.#.## ..# #.#.#
#.#.#


You could see an adder.

Vanquished Creatures
  2 gnolls (D:1)
  2 adders (D:2)
  2 dart slugs (D:1)
  A leopard gecko (D:2)
  2 giant cockroaches (D:1)
  7 goblins
  A hobgoblin (D:1)
  2 jackals (D:1)
  4 bats
  A frilled lizard (D:1)
  3 kobolds (D:1)
  4 rats (D:1)
31 creatures vanquished.

Notes
Turn   | Place    | Note
-------+----------+-------------------------------------------
     0 | D:1      | TheGoonsmith the Demonspawn Berserker began the quest for the Orb.
     0 | D:1      | Reached XP level 1. HP: 18/18 MP: 1/1
    39 | D:1      | Gained mutation: You have sharp fingernails. [demonic ancestry]
    39 | D:1      | Reached XP level 2. HP: 16/24 MP: 2/2
   791 | D:1      | Reached XP level 3. HP: 17/29 MP: 3/3
   877 | D:1      | Reached skill level 1 in Unarmed Combat
  1527 | D:2      | Gained mutation: A weak demonic guardian rushes to your aid. [demonic ancestry]
  1527 | D:2      | Reached XP level 4. HP: 18/37 MP: 4/4
  1732 | D:2      | Slain by an adder

Vault maps used:
D:1:      co_arrival_random_square_maze
D:2:      first_bread, serial_park_tiny_2

Skill      XL: |  1  2  3 |
---------------+----------+-----
Maces & Flails | 3 |  3.2
Unarmed Combat | 2 |  2.0
Fighting       | |  3.7
Armour         | |  1.7
Dodging        | |  1.7

Action                   |  1- 3 |  4- 6 || total
-------------------------+-------+-------++-------
Melee: Mace              |    57 |       ||    57
       Flail             |    35 |    16 ||    51
Invok: Berserk           |     3 |       ||     3
  Use: Potion            |     2 |       ||     2
 Stab: Sleeping          |     1 |       ||     1
  Eat: Chunk             |     3 |       ||     3
       Bread ration      |     1 |       ||     1
Armor: Animal skin       |    21 |     2 ||    23
       Skin              |     6 |       ||     6
Dodge: Dodged            |    65 |    14 ||    79
